 Dungeon Crawl Stone Soup version 0.29-a0-233-g1125b37a9b (webtiles) character file.

Game seed: 14218055819828398571

28 drugrobin the Chopper (level 2, -1/25 HPs)
             Began as a Demigod Fighter on Mar 1, 2022.
             Slain by a quokka (3 damage)
             ... on level 1 of the Dungeon.
             The game lasted 00:02:19 (612 turns).

drugrobin the Chopper (Demigod Fighter)              Turns: 612, Time: 00:02:20

Health: -1/25      AC:  6    Str: 17    XL:     2   Next: 75%
Magic:  4/4        EV:  8    Int: 10    God:
Gold:   0          SH:  4    Dex: 13    Spells: 1/1 levels left

rFire   . . .      SeeInvis .   a - +0 war axe
rCold   . . .      Faith    .   c - +0 buckler
rNeg    . . .      Spirit   .   b - +0 scale mail
rPois   .          Reflect  .   (no helmet)
rElec   .          Harm     .   (no cloak)
rCorr   .          Rampage  .   (no gloves)
Will    .....                   (no boots)
Stlth   ..........              (no amulet)
HPRegen 0.08/turn               (no ring)
MPRegen 0.09/turn               (no ring)

@: no status effects
A: high MP 1, forlorn, divine attributes
a: no special abilities


You were on level 1 of the Dungeon.
You visited 1 branch of the dungeon, and saw 1 of its levels.

Inventory:

Hand Weapons
 a - a +0 war axe (weapon)
Armour
 b - a +0 scale mail (worn)
 c - a +0 buckler (worn)
 i - a +0 cloak
Magical Staves
 h - a staff of air
Scrolls
 e - a scroll of blinking {unknown}
 j - a scroll of torment {unknown}
 k - a scroll of teleportation {unknown}
Potions
 d - a potion of might
 f - 2 potions of curing {unknown}
 g - a potion of degeneration {unknown}


   Skills:
 - Level 2.6 Fighting
 + Level 3.2 Axes
 - Level 2.6 Armour
 - Level 2.6 Shields


You had one spell level left.
You didn't know any spells.
Your spell library was empty.

Dungeon Overview and Level Annotations

Branches:
Dungeon (1/15)


Innate Abilities, Weirdness & Mutations

You have an increased reservoir of magic. (+10% MP)
You shall have no god before yourself.
Your divine heritage dramatically boosts your attributes as you level up.


Message History

Unknown command.
Unknown command.
Unknown command.
You block the kobold's attack. The hobgoblin closely misses you.
Unknown command.
Unknown command.
The kobold hits you with a +0 short sword.
* * * LOW HITPOINT WARNING * * *
Unknown command.
Unknown command.
The quokka twitches its whiskers.
The quokka bites you.
* * * LOW HITPOINT WARNING * * *
The quokka bites you but does no damage.
The quokka barely misses you.
You closely miss the quokka. The quokka bites you.
* * * LOW HITPOINT WARNING * * *
The quokka bites you.
* * * LOW HITPOINT WARNING * * *
Unknown command.
You closely miss the quokka. The quokka closely misses you.
Unknown command.
Unknown command.
You barely miss the quokka.
The quokka bites you but does no damage.
You block the quokka's attack.
Unknown command.
Unknown command.
You barely miss the quokka. You block the quokka's attack.
Unknown command.
Unknown command.
Cleave: a) +0 war axe
Press: ? - help, Dir - move target, f - quokka
Aim: a quokka (about 57% to evade your +0 war axe)
You miss the quokka.
The quokka bites you but does no damage.
The quokka barely misses you.
Unknown command.
You miss the quokka. The quokka bites you.
You die...

....+ ................ ...
....####............. ## . ♣.#
......#............) .♣P. ♣♣.#
......#..........#.### #P. ♣♣..#
##....#..........#†..#..♣. ♣...#
.....g.....g..#..)..##.#♣.♣♣###.#
......#..(.#....##...............
....###....#.######..#####.......
............gKgr@...........♣....
........†##..#########......♣P...
.#.......##..# ..........)PP♣♣♣..
.#................####...#.P..P..
.#.............. #..........P..
#............... #.........PP..
#............... #.........PP♣.
#................ #.......#.♣♣♣♣
#...........## #.......#..P


You could see a quokka, 2 hobgoblins and a kobold.

Vanquished Creatures
  2 giant cockroaches (D:1)
  3 goblins (D:1)
  2 hobgoblins (D:1)
  4 jackals (D:1)
  2 kobolds (D:1)
  2 quokkas (D:1)
  3 ball pythons (D:1)
  2 bats (D:1)
  A frilled lizard (D:1)
  2 rats (D:1)
23 creatures vanquished.

Notes
Turn   | Place    | Note
-------+----------+-------------------------------------------
     0 | D:1      | drugrobin the Demigod Fighter began the quest for the Orb.
     0 | D:1      | Reached XP level 1. HP: 18/18 MP: 3/3
   110 | D:1      | Reached skill level 2 in Axes
   240 | D:1      | Reached XP level 2. HP: 23/25 MP: 4/4
   450 | D:1      | Reached skill level 3 in Axes
   503 | D:1      | Noticed a floating eye
   505 | D:1      | Noticed a great orb of eyes
   506 | D:1      | Noticed a floating eye
   506 | D:1      | Noticed a shining eye
   548 | D:1      | HP: 1/25 [kobold/+0 short sword (1)]
   607 | D:1      | HP: 1/25 [quokka (3)]
   612 | D:1      | Slain by a quokka

Illustrated notes

Levels and vault maps discovered:
D:1:      sevenhm_arrival_forest_fort_large_4, layout_basic,
          hellmonk_ecumenical_altar_watching_god, serial_forest,
          infiniplex_forest_corner_2, infiniplex_forest_clump_tiny,
          infiniplex_forest_clump_cross, infiniplex_forest_lined_4_way,
          infiniplex_forest_clump_small, infiniplex_forest_clump_double,
          infiniplex_forest_lined_3_way, minmay_pentomino_u2

Skill      XL: |  1  2 |
---------------+-------+-----
Axes           | 2 3 |  3.2
Fighting       | |  2.6
Armour         | |  2.6
Shields        | |  2.6

Action                   || total
-------------------------++-------
Melee: War axe           ||    77
Armor: Scale mail        ||    41
Dodge: Dodged            ||    50
Block: Buckler           ||    23

Table legend: (Time is in decaauts)
 A = Elapsed time spent in this place.
 B = Non-inter-level travel time spent in this place.
 C = Inter-level travel time spent in this place.
 D = Time resting spent in this place.
 E = Time spent auto-exploring this place.
 F = Levels seen in this place.
 G = Mean time per level.
                   A        B        C        D        E       F      G
               +--------+--------+--------+--------+--------+-----+--------+
         Total |    643 |    643 |      0 |      0 |    388 |   1 |  643.0 |
       Dungeon |    643 |    643 |      0 |      0 |    388 |   1 |  643.0 |
               +--------+--------+--------+--------+--------+-----+--------+

Top non-repeatable levels by time:
     D:1: 643 daAuts
